 Dungeon Crawl Stone Soup version 0.31-a0-931-g7b59d4eb97 (webtiles) character file.

Game seed: 11473075940651978783

42 Maratek the Shooter (level 3, -3/24 HPs)
             Began as an Octopode Hunter on Oct 19, 2023.
             Slain by a kobold
             ... wielding a +0 short sword
              (5 damage)
             ... on level 2 of the Dungeon.
             The game lasted 00:01:39 (1430 turns).

Maratek the Shooter (Octopode Hunter)               Turns: 1430, Time: 00:01:40

Health: -3/24      AC:  1    Str: 10    XL:     3   Next: 56%
Magic:  3/3        EV: 13    Int: 11    God:
Gold:   76         SH:  5    Dex: 17    Spells: 2/2 levels left

rFire   . . .        a - +0 shortbow
rCold   . . .        (shield currently unavailable)
rNeg    . . .        (helmet restricted)
rPois   .            d - amulet of reflection
rElec   .            (no ring)
rCorr   .            (no ring)
SInv    .            (no ring)
Will    .....        (no ring)
Stlth   +++          (no ring)
HPRegen 0.24/turn    (no ring)
MPRegen 0.08/turn    (no ring)
                     (no ring)

%: reflection
@: no status effects
A: almost no armour, amphibious, 8 rings, camouflage 1, gelatinous body 1,
(nimble swimmer 1), tentacles
a: no special abilities


You were on level 2 of the Dungeon.
You visited 1 branch of the dungeon, and saw 2 of its levels.

You collected 76 gold pieces.

Inventory:

Hand Weapons
 a - a +0 shortbow (weapon)
Jewellery
 d - an amulet of reflection (around mantle)
Scrolls
 b - a scroll of butterflies
 c - 2 scrolls of teleportation {unknown}
 e - 2 scrolls of blinking {unknown}
 g - a scroll of enchant armour {unknown}
 h - a scroll of immolation {unknown}
Potions
 f - a potion of attraction {unknown}
 i - a potion of enlightenment {unknown}
 j - a potion of cancellation {unknown}


   Skills:
 + Level 2.1 Fighting
 + Level 5.0 Ranged Weapons
 + Level 2.1 Dodging
 + Level 1.9 Stealth


You had 2 spell levels left.
You didn't know any spells.
Your spell library was empty.

Dungeon Overview and Level Annotations

Branches:
Dungeon (2/15)

Altars:

Annotations:
D:1 2 runed translucent doors


Innate Abilities, Weirdness & Mutations

You cannot wear most types of armour.
You are amphibious.
You can wear up to eight rings at the same time.
Your skin changes colour to match your surroundings (Stealth+).
Your rubbery body absorbs attacks. (AC +1, EV +1)
((You are camouflaged when in or above water. (Stealth+)))
You have tentacles for arms and can constrict up to eight enemies at once.


Message History

No target in view!
A kobold comes into view. It is wielding a +0 short sword.
A kobold is nearby!
You shoot an arrow. The arrow closely misses the kobold.
A worm comes into view.
The kobold throws a stone.
The stone closely misses you.
You shoot an arrow. The arrow hits the worm.
The worm is lightly wounded.
The kobold throws a stone.
The stone completely misses you.
You shoot an arrow. The arrow hits the worm!
The worm is heavily wounded.
The kobold throws a stone.
The stone barely misses you.
You shoot an arrow. The arrow hits the worm.
The worm is heavily wounded.
The worm bites you!
You shoot an arrow. The arrow hits the worm.
The worm is heavily wounded.
The kobold hits you with a +0 short sword.
A quokka comes into view.
You shoot an arrow.
The arrow hits the worm but does no damage.
The worm is heavily wounded.
The kobold hits you with a +0 short sword.
The worm bites you but does no damage.
You are too injured to fight recklessly!
You are too injured to fight recklessly!
You are too injured to fight recklessly!
Fire: a) +0 shortbow
Press: ? - help, Q - select action Shift-Dir - straight line, f/p - worm
Aim: a worm (heavily wounded, 80% to hit)
You shoot an arrow. The arrow hits the worm!
The worm is almost dead.
The kobold hits you with a +0 short sword.
* * * LOW HITPOINT WARNING * * *
The quokka bites you.
* * * LOW HITPOINT WARNING * * *
The worm bites you.
* * * LOW HITPOINT WARNING * * *
The kobold hits you with a +0 short sword.
You die...

..# #.# ..# #.# .)#
..# #.# ..# ..# #.#
##.# ..# #.# #..#
#.# #..# #.#
..#######
#.##########Kr......
#...........@w#
###...##......#
#>..##......#
######......#
#........ #.....##.#
+.......... #.....##
##


You could see a worm, a quokka and a kobold.

Vanquished Creatures
  An adder (D:2)
  2 ball pythons
  7 endoplasms
  4 hobgoblins
  2 jackals (D:1)
  A quokka (D:2)
  A bat (D:1)
  2 frilled lizards
  5 goblins
  A kobold (D:1)
  2 rats
28 creatures vanquished.

Notes
Turn   | Place    | Note
-------+----------+-------------------------------------------
     0 | D:1      | Maratek the Octopode Hunter began the quest for the Orb.
     0 | D:1      | Reached XP level 1. HP: 14/14 MP: 1/1
    34 | D:1      | Found a large runed translucent door.
    34 | D:1      | Found a large runed translucent door.
    66 | D:1      | Reached XP level 2. HP: 8/19 MP: 2/2
  1030 | D:2      | Reached XP level 3. HP: 24/24 MP: 3/3
  1423 | D:2      | Reached skill level 5 in Ranged Weapons
  1430 | D:2      | Slain by a kobold

Illustrated notes

Levels and vault maps discovered:
D:1:      erik_arrival_cave_to_civilisation [erik_arrival_cave_to_temple],
          layout_basic, minmay_misc_feat_columns
D:2:      layout_basic, minivault_5, minmay_circle_x, uniq_natasha

Skill      XL: |  1  2  3 |
---------------+----------+-----
Ranged Weapons | 5 |  5.0
Fighting       | |  2.1
Dodging        | |  2.1
Stealth        | |  1.9

Action                     || total
---------------------------++-------
   Fire: Shortbow          ||    77
 Armour: Skin              ||    16
  Dodge: Dodged            ||    21
  Block: Other             ||     5

Table legend: (Time is in decaauts)
 A = Elapsed time spent in this place.
 B = Non-inter-level travel time spent in this place.
 C = Inter-level travel time spent in this place.
 D = Time resting spent in this place.
 E = Time spent auto-exploring this place.
 F = Levels seen in this place.
 G = Mean time per level.
                   A        B        C        D        E       F      G
               +--------+--------+--------+--------+--------+-----+--------+
         Total |   1442 |   1384 |     58 |    256 |    973 |   2 |  721.0 |
       Dungeon |   1442 |   1384 |     58 |    256 |    973 |   2 |  721.0 |
               +--------+--------+--------+--------+--------+-----+--------+

Top non-repeatable levels by time:
     D:1: 1022 daAuts
     D:2: 420 daAuts
